PAAA
BAKERSFIELD NOBLES @ PAWNEE PARKSNREC
08/03/2019
 
TOP OF THE 1ST
Bakersfield Nobles batting - Pitching for Pawnee ParksNRec : RHP Howard Ritchie
Pitching: RHP Howard Ritchie
Batting: RHB Bill Sackett 0-0: Hit by Pitch
Batting: RHB Bill Wilhelm 0-0: Fly out, F9 (Flyball, 9M)
Batting: RHB Lawrence Olsen 0-0: Called Strike
0-1: Foul Ball, location: 2F
0-2: Foul Ball, location: 2F
0-2: Foul Ball, location: 2F
0-2: Ball
1-2: Hit by Pitch
Bill Sackett to second
Batting: RHB Kyle Bridges 0-0: Called Strike
0-1: Ball
1-1: Ball
2-1: Ball
3-1: Called Strike
3-2: Base on Balls
Bill Sackett to third
Lawrence Olsen to second
Batting: LHB Emery Miller 0-0: Foul Ball, location: 2F
0-1: Called Strike
0-2: Ball
Wild Pitch!
Bill Sackett scores
Lawrence Olsen to third
Kyle Bridges to second
1-2: Foul Ball, location: 2F
1-2: Ball
Reached via error on a dropped throw, E3
Lawrence Olsen scores
Kyle Bridges to third
Batting: RHB Juan Alba 0-0: Ball
1-0: Ball
2-0: Called Strike
2-1: Ball
3-1: SINGLE (Line Drive, 6D)
Kyle Bridges scores
Emery Miller to second
Batting: RHB Alberto Trejo 0-0: Fly out, F4 (Line Drive, 4M)
0-0: Lined into DP, U4 (Line Drive, 4M)
Top of the 1st over - 3 run(s), 1 hit(s), 1 error(s), 1 left on base; Bakersfield 3 - Pawnee 0
BOTTOM OF THE 1ST
Pawnee ParksNRec batting - Pitching for Bakersfield Nobles : LHP Ron Barry
Pitching: LHP Ron Barry
Batting: RHB Mike Daniels 0-0: Ball
1-0: Ball
2-0: Ball
3-0: Called Strike
3-1: Foul Ball, location: 2F
3-2: Foul Ball, location: 2F
3-2: Foul Ball, location: 2F
3-2: Base on Balls
Batting: RHB Joe Craig 0-0: Ball
1-0: Swinging Strike
1-1: Fly out, F8 (Flyball, 8LM)
Batting: RHB Rex Long 0-0: Ball
1-0: Called Strike
1-1: Called Strike
1-2: Foul Ball, location: 2F
1-2: Ball
2-2: 2-RUN HOME RUN (Flyball, 7D), Distance : 387 ft
Batting: LHB Paul Johnson 0-0: Ball
1-0: Fly out, F9 (Popup, 4D)
Batting: RHB Lúcio López 0-0: Ball
1-0: Foul Ball, location: 2F
1-1: Ball
2-1: Ball
3-1: Called Strike
3-2: Strikes out swinging
Bottom of the 1st over - 2 run(s), 1 hit(s), 0 error(s), 0 left on base; Bakersfield 3 - Pawnee 2
TOP OF THE 2ND
Bakersfield Nobles batting - Pitching for Pawnee ParksNRec : RHP Howard Ritchie
Batting: RHB Miguel Márquez 0-0: Called Strike
0-1: Ball
1-1: Ball
2-1: Fly out, F1 (Popup, 13S)
Batting: RHB Ron Gérard 0-0: Ground out 4-3 (Groundball, 4)
Batting: RHB Bill Sackett 0-0: Called Strike
0-1: Ball
1-1: Ball
2-1: Ball
3-1: Called Strike
3-2: Fly out, F4 (Line Drive, 4)
Top of the 2nd over - 0 run(s), 0 hit(s), 0 error(s), 0 left on base; Bakersfield 3 - Pawnee 2
BOTTOM OF THE 2ND
Pawnee ParksNRec batting - Pitching for Bakersfield Nobles : LHP Ron Barry
Batting: RHB Eldon McGillivour 0-0: Fly out, F8 (Flyball, 89M)
Batting: RHB Dale Blair 0-0: Called Strike
0-1: Ball
1-1: Foul Ball, location: 2F
1-2: Strikes out swinging
Batting: RHB Tim Lehman 0-0: Ground out 5-3 (Groundball, 56S)
Bottom of the 2nd over - 0 run(s), 0 hit(s), 0 error(s), 0 left on base; Bakersfield 3 - Pawnee 2
TOP OF THE 3RD
Bakersfield Nobles batting - Pitching for Pawnee ParksNRec : RHP Howard Ritchie
Batting: RHB Bill Wilhelm 0-0: Ball
1-0: Called Strike
1-1: Swinging Strike
1-2: Strikes out swinging
Batting: RHB Lawrence Olsen 0-0: Ball
1-0: Foul Ball, location: 2F
1-1: Foul Ball, location: 2F
1-2: Foul Ball, location: 2F
1-2: SINGLE (Line Drive, 8RM)
Batting: RHB Kyle Bridges 0-0: Ball
1-0: Grounds into double play, 6-4-3 (Groundball, 6)
Top of the 3rd over - 0 run(s), 1 hit(s), 0 error(s), 0 left on base; Bakersfield 3 - Pawnee 2
BOTTOM OF THE 3RD
Pawnee ParksNRec batting - Pitching for Bakersfield Nobles : LHP Ron Barry
Batting: RHB Darby Carveth 0-0: DOUBLE (Flyball, 78M)
Batting: RHB Mike Daniels 0-0: Foul Ball, location: 2F
0-1: Called Strike
0-2: Strikes out swinging
Batting: RHB Joe Craig 0-0: Called Strike
0-1: Ball
1-1: Ball
2-1: Ball
3-1: Foul Ball, location: 2F
3-2: Strikes out swinging
Batting: RHB Rex Long 0-0: Foul Ball, location: 2F
0-1: Ground out 6-3 (Groundball, 6MD)
Bottom of the 3rd over - 0 run(s), 1 hit(s), 0 error(s), 1 left on base; Bakersfield 3 - Pawnee 2
TOP OF THE 4TH
Bakersfield Nobles batting - Pitching for Pawnee ParksNRec : RHP Howard Ritchie
Batting: LHB Emery Miller 0-0: Ground out 4-3 (Groundball, 4S)
Batting: RHB Juan Alba 0-0: Ball
1-0: Foul Ball, location: 2F
1-1: Foul Ball, location: 2F
1-2: Ground out 5-3 (Groundball, 56S)
Batting: RHB Alberto Trejo 0-0: Called Strike
0-1: Swinging Strike
0-2: Ball
1-2: Ball
2-2: Strikes out swinging
Top of the 4th over - 0 run(s), 0 hit(s), 0 error(s), 0 left on base; Bakersfield 3 - Pawnee 2
BOTTOM OF THE 4TH
Pawnee ParksNRec batting - Pitching for Bakersfield Nobles : LHP Ron Barry
Batting: LHB Paul Johnson 0-0: Swinging Strike
0-1: Ball
1-1: Ball
2-1: Ball
3-1: Called Strike
3-2: Foul Ball, location: 2F
3-2: Base on Balls
Batting: RHB Lúcio López 0-0: Called Strike
0-1: Called Strike
0-2: Fly out, F7 (Flyball, 78M)
Batting: RHB Eldon McGillivour 0-0: Called Strike
0-1: Foul Ball, location: 2F
0-2: Ball
1-2: Ball
2-2: Ball
3-2: Base on Balls
Paul Johnson to second
Batting: RHB Dale Blair 0-0: Reached on error, E4 (Groundball, 4)
Paul Johnson to third
Eldon McGillivour to second
Batting: RHB Tim Lehman 0-0: Ball
1-0: Fly out, F9 (Flyball, 89M)
Runner from 3rd tags up, SCORES, throw made
Batting: RHB Darby Carveth 0-0: Ball
1-0: SINGLE (Line Drive, 6M)
Eldon McGillivour to third
Dale Blair to second
Batting: RHB Mike Daniels 0-0: Fly out, F9 (Line Drive, 9S)
Bottom of the 4th over - 1 run(s), 1 hit(s), 1 error(s), 3 left on base; Bakersfield 3 - Pawnee 3
TOP OF THE 5TH
Bakersfield Nobles batting - Pitching for Pawnee ParksNRec : RHP Howard Ritchie
Batting: RHB Miguel Márquez 0-0: Called Strike
0-1: Ground out 6-3 (Groundball, 6)
Batting: RHB Ron Gérard 0-0: Called Strike
0-1: Foul Ball, location: 2F
0-2: Hit by Pitch
Batting: RHB Bill Sackett 0-0: Ball
1-0: Ball
2-0: Ball
3-0: Called Strike
3-1: Base on Balls
Ron Gérard to second
Batting: RHB Bill Wilhelm 0-0: SINGLE (Groundball, 13) (infield hit)
Ron Gérard to third
Bill Sackett to second
Batting: RHB Lawrence Olsen 0-0: Ball
1-0: Ball
2-0: Called Strike
2-1: Ball
3-1: Grounds into double play, 4-6-3 (Groundball, 34)
Top of the 5th over - 0 run(s), 1 hit(s), 0 error(s), 2 left on base; Bakersfield 3 - Pawnee 3
BOTTOM OF THE 5TH
Pawnee ParksNRec batting - Pitching for Bakersfield Nobles : LHP Ron Barry
Batting: RHB Joe Craig 0-0: Swinging Strike
0-1: Ground out 6-3 (Groundball, 6)
Batting: RHB Rex Long 0-0: Called Strike
0-1: Ball
1-1: Ball
2-1: Called Strike
2-2: Ball
3-2: Foul Ball, location: 2F
3-2: Base on Balls
Batting: LHB Paul Johnson 0-0: Ball
1-0: Ball
2-0: Called Strike
2-1: 2-RUN HOME RUN (Flyball, 7LD), Distance : 368 ft
Batting: RHB Lúcio López 0-0: Called Strike
0-1: SINGLE (Line Drive, 6)
Batting: RHB Eldon McGillivour 0-0: Swinging Strike
0-1: Ball
1-1: SINGLE (Groundball, 56D)
Lúcio López to second
Pitching: RHP Orsino Lippi
Batting: RHB Dale Blair 0-0: Foul Ball, location: 2F
0-1: Hit by Pitch
Lúcio López to third
Eldon McGillivour to second
Batting: RHB Tim Lehman 0-0: Ball
1-0: Foul Ball, location: 2F
1-1: Called Strike
1-2: Ball
2-2: Strikes out swinging
Batting: RHB Darby Carveth 0-0: Ball
1-0: Foul Ball, location: 2F
1-1: Ball
2-1: Foul Ball, location: 2F
2-2: Ball
3-2: Foul Ball, location: 2F
3-2: Strikes out swinging
Bottom of the 5th over - 2 run(s), 3 hit(s), 0 error(s), 3 left on base; Bakersfield 3 - Pawnee 5
TOP OF THE 6TH
Bakersfield Nobles batting - Pitching for Pawnee ParksNRec : RHP Howard Ritchie
Batting: RHB Kyle Bridges 0-0: Ball
1-0: Swinging Strike
1-1: Called Strike
1-2: Ball
2-2: Ball
3-2: Base on Balls
Batting: LHB Emery Miller 0-0: Ball
1-0: Swinging Strike
1-1: Ball
2-1: Ground out 4-3 (Groundball, 4M)
Kyle Bridges to second
Batting: RHB Juan Alba 0-0: Called Strike
0-1: Foul Ball, location: 2F
0-2: SINGLE (Groundball, 6M)
Kyle Bridges to third
Runner from 3rd tries for Home, SAFE, throw made home
Juan Alba to second
Batting: RHB Alberto Trejo 0-0: Called Strike
0-1: Foul Ball, location: 2F
0-2: Foul Ball, location: 2F
0-2: Strikes out swinging
Batting: RHB Miguel Márquez 0-0: Ground out 5-3 (Groundball, 5L)
Top of the 6th over - 1 run(s), 1 hit(s), 0 error(s), 1 left on base; Bakersfield 4 - Pawnee 5
BOTTOM OF THE 6TH
Pawnee ParksNRec batting - Pitching for Bakersfield Nobles : RHP Orsino Lippi
Batting: RHB Mike Daniels 0-0: Swinging Strike
0-1: Ball
1-1: Swinging Strike
1-2: SINGLE (Line Drive, 7S)
Batting: RHB Joe Craig 0-0: SINGLE (Groundball, 56D)
Mike Daniels to second
Batting: RHB Rex Long 0-0: Called Strike
0-1: Ball
1-1: Called Strike
1-2: Ball
2-2: SINGLE (Groundball, 56D)
Mike Daniels to third
Joe Craig to second
Batting: LHB Paul Johnson 0-0: Ball
1-0: Ball
2-0: Ball
3-0: Called Strike
3-1: Foul Ball, location: 2F
3-2: Strikes out swinging
Batting: RHB Lúcio López 0-0: Ball
1-0: Called Strike
1-1: Foul Ball, location: 2F
1-2: Ball
2-2: Strikes out looking
Batting: RHB Eldon McGillivour 0-0: Ball
1-0: Foul Ball, location: 2F
1-1: Foul Ball, location: 2F
1-2: SINGLE (Groundball, 6MD)
Mike Daniels scores
Joe Craig to third
Rex Long to second
Runner from 3rd tries for Home, SAFE, no throw or cutoff
Pitching: RHP Jeff Sloan
Batting: RHB Dale Blair 0-0: Ball
1-0: Called Strike
1-1: DOUBLE (Groundball, 5L)
Rex Long scores
Eldon McGillivour to third
Batting: RHB Tim Lehman 0-0: Called Strike
0-1: Ball
1-1: Swinging Strike
1-2: Strikes out swinging
Bottom of the 6th over - 3 run(s), 5 hit(s), 0 error(s), 2 left on base; Bakersfield 4 - Pawnee 8
TOP OF THE 7TH
Bakersfield Nobles batting - Pitching for Pawnee ParksNRec : RHP Howard Ritchie
Batting: RHB Ron Gérard 0-0: Called Strike
0-1: Called Strike
0-2: Ball
1-2: Foul Ball, location: 2F
1-2: Ground out 5-3 (Groundball, 5S)
Batting: RHB Bill Sackett 0-0: Ball
1-0: Ball
2-0: Ball
3-0: Base on Balls
Pitching: RHP Edward Scott
Batting: RHB Bill Wilhelm 0-0: Foul Ball, location: 2F
0-1: Ball
1-1: Called Strike
1-2: Ball
2-2: Strikes out swinging
Batting: RHB Lawrence Olsen 0-0: Ball
1-0: Ball
2-0: Ball
3-0: Called Strike
3-1: Called Strike
3-2: Foul Ball, location: 2F
3-2: Base on Balls
Bill Sackett to second
Batting: RHB Kyle Bridges 0-0: Called Strike
0-1: Ball
1-1: Ball
2-1: Called Strike
2-2: Foul Ball, location: 2F
2-2: Ball
3-2: SINGLE (Groundball, 56)
Bill Sackett to third
Lawrence Olsen to second
Bill Sackett scores
Lawrence Olsen to third
Batting: LHB Emery Miller 0-0: Fly out, F8 (Flyball, 8LXD)
Top of the 7th over - 1 run(s), 1 hit(s), 0 error(s), 2 left on base; Bakersfield 5 - Pawnee 8
BOTTOM OF THE 7TH
Pawnee ParksNRec batting - Pitching for Bakersfield Nobles : RHP Jeff Sloan
Batting: RHB Darby Carveth 0-0: Called Strike
0-1: Ball
1-1: Ball
2-1: Ground out 5-3 (Groundball, 5L)
Batting: RHB Mike Daniels 0-0: Called Strike
0-1: Foul Ball, location: 2F
0-2: Ball
1-2: Foul Ball, location: 2F
1-2: Ball
2-2: Ball
3-2: Base on Balls
Batting: RHB Joe Craig 0-0: Ball
1-0: Fly out, F6 (Line Drive, 6)
Batting: RHB Rex Long 0-0: Called Strike
0-1: Ball
1-1: Called Strike
Mike Daniels steals 2nd base
1-2: Foul Ball, location: 2F
1-2: Ball
2-2: Ball
3-2: Foul Ball, location: 2F
3-2: Strikes out looking
Bottom of the 7th over - 0 run(s), 0 hit(s), 0 error(s), 1 left on base; Bakersfield 5 - Pawnee 8
TOP OF THE 8TH
Bakersfield Nobles batting - Pitching for Pawnee ParksNRec : RHP Edward Scott
Batting: RHB Juan Alba 0-0: Called Strike
0-1: Foul Ball, location: 2F
0-2: Foul Ball, location: 2F
0-2: Ground out 6-3 (Groundball, 6M)
Batting: RHB Alberto Trejo 0-0: Called Strike
0-1: Ball
1-1: Swinging Strike
1-2: Ball
2-2: Ball
3-2: Base on Balls
Pitching: RHP Myron Snow
Batting: RHB Miguel Márquez 0-0: Called Strike
0-1: Foul Ball, location: 2F
0-2: SINGLE (Flyball, 8LS)
Alberto Trejo to second
Batting: RHB Ron Gérard 0-0: Foul Ball, location: 2F
0-1: Swinging Strike
0-2: Strikes out looking
Batting: RHB Bill Sackett 0-0: Called Strike
0-1: SINGLE (Line Drive, 9S)
Alberto Trejo to third
Miguel Márquez to second
Runner from 3rd tries for Home, SAFE, no throw or cutoff
Batting: RHB Bill Wilhelm 0-0: Foul Ball, location: 2F
0-1: Ball
1-1: Fly out, F5 (Popup, 5SF)
Top of the 8th over - 1 run(s), 2 hit(s), 0 error(s), 2 left on base; Bakersfield 6 - Pawnee 8
BOTTOM OF THE 8TH
Pawnee ParksNRec batting - Pitching for Bakersfield Nobles : RHP Jeff Sloan
Batting: LHB Paul Johnson 0-0: Ball
1-0: Foul Ball, location: 2F
1-1: Called Strike
1-2: Strikes out looking
Batting: RHB Lúcio López 0-0: Ball
1-0: Ball
2-0: Called Strike
2-1: Ground out 5-3 (Groundball, 56S)
Batting: RHB Eldon McGillivour 0-0: Ball
1-0: Ground out 1-3 (Groundball, 15)
Bottom of the 8th over - 0 run(s), 0 hit(s), 0 error(s), 0 left on base; Bakersfield 6 - Pawnee 8
TOP OF THE 9TH
Bakersfield Nobles batting - Pitching for Pawnee ParksNRec : RHP Myron Snow
Pitching: LHP Charlie Day
Batting: RHB Lawrence Olsen 0-0: Foul Ball, location: 2F
0-1: Ball
1-1: SINGLE (Groundball, 34D) (infield hit)
Pinch Hitting: RHB Gil Jenkins 0-0: Swinging Strike
0-1: Called Strike
0-2: Foul Ball, location: 2F
0-2: Ball
1-2: Foul Ball, location: 2F
1-2: Ball
2-2: Ball
3-2: Base on Balls
Lawrence Olsen to second
Pinch Hitting: RHB Ken Fulton 0-0: Foul Ball, location: 2F
0-1: Called Strike
0-2: Ball
1-2: Strikes out swinging
Pinch Hitting: RHB Takaaki Kobayashi 0-0: Ball
1-0: Called Strike
1-1: Swinging Strike
1-2: Grounds into double play, 4-6-3 (Groundball, 4)
Top of the 9th over - 0 run(s), 1 hit(s), 0 error(s), 1 left on base; Bakersfield 6 - Pawnee 8
This league is powered by Out of the Park Baseball, the baseball management simulation game for PC, Mac and Linux
Saturday, July 25th, 2015 - OOTP Baseball 15.6 Build 34